 Dungeon Crawl Stone Soup version 0.24.0-123-gd5b16e6ec5 (console) character file.

Game seed: 16921379792326416303, levelgen mode: deterministic

39314 toffzen the Grappler (level 13, -6/137 HPs)
             Began as a Troll Fighter on Feb 4, 2020.
             Was a High Priest of Elyvilon.
             Mangled by a four-headed hydra (15 damage)
             ... on level 6 of the Lair of Beasts on Feb 6, 2020.
             The game lasted 00:51:29 (16180 turns).

toffzen the Grappler (Troll Fighter)               Turns: 16180, Time: 00:51:30

Health: -6/137     AC:  9    Str: 28    XL:     13   Next: 68%
Magic:  12/12      EV: 13    Int:  4    God:    Elyvilon [*****.]
Gold:   944        SH: 12    Dex: 12    Spells: 12/12 levels left

rFire    . . .     SeeInvis .   b - +0 broad axe (flame)
rCold    . . .     Gourm    +   F - +1 shield
rNeg     + . .     Faith    .   P - +0 troll leather armour
rPois    .         Spirit   .   Q - +0 hat
rElec    .         Reflect  .   v - +0 cloak
rCorr    .         Harm     .   (gloves unavailable)
MR       .....                  (boots unavailable)
Stlth    +.........             (no amulet)
HPRegen  1.12/turn              n - ring of positive energy
MPRegen  0.13/turn              (no ring)

@: lethally poisoned (-6 -> -6)
A: large, unfitting armour, claws 3, fast metabolism 3, gourmand, regeneration
1, shaggy fur 1, tough skin 3
a: Lesser Healing, Heal Other, Purification, Greater Healing, Divine Vigour,
Divine Protection, Renounce Religion


You were on level 6 of the Lair of Beasts.
You worshipped Elyvilon.
Elyvilon was extremely pleased with you.
You were very full.

You visited 3 branches of the dungeon, and saw 17 of its levels.

You collected 944 gold pieces.

Inventory:

Hand Weapons
 b - a +0 broad axe of flaming (weapon)
 f - a +0 giant spiked club of protection
 H - a +1 spear of flaming
 I - a +1 hunting sling
 J - the cursed +0 halberd "Hezoavuo" {flame, Dex+2}
   (You found it on level 2 of the Lair of Beasts)

   It has been specially enchanted to burn those struck by it, causing extra
   injury to most foes and up to half again as much damage against particularly
   susceptible opponents.
   Big, fiery blades are also staple armaments of hydra-hunters.
   It affects your dexterity (+2).
   It has a curse placed upon it.
Missiles
 e - 65 bolts
 h - 403 stones (quivered)
 i - 124 sling bullets
 k - 5 atropa-tipped darts
 t - 19 poisoned darts
 B - 14 javelins
 M - 3 throwing nets
Armour
 v - a +0 cloak (worn)
 F - a +1 shield (worn)
 P - a +0 troll leather armour (worn)
 Q - a +0 hat (worn)
Jewellery
 a - an uncursed amulet of faith
 n - a ring of positive energy (left claw)
Wands
 q - a wand of enslavement (2)
 T - a wand of disintegration (10)
Scrolls
 j - 2 scrolls of vulnerability
 r - 3 scrolls of remove curse
 u - 3 scrolls of enchant weapon
 w - 4 scrolls of teleportation
 y - 2 scrolls of immolation
 C - a scroll of magic mapping
 D - a scroll of enchant armour
 R - a scroll of fog {unknown}
Potions
 c - a potion of might
 l - 3 potions of brilliance
 m - 3 potions of agility
 o - 7 potions of curing
 p - 3 potions of cancellation
 s - 2 potions of magic
 x - a potion of mutation
 z - 2 potions of flight
 A - a potion of haste
 E - 2 potions of invisibility
 L - 3 potions of lignification
 N - a potion of berserk rage {unknown}
 O - 2 potions of ambrosia
 S - a potion of heal wounds
Miscellaneous
 G - a phantom mirror
 K - a fan of gales
Comestibles
 d - 32 rations
 g - 7 chunks of flesh


   Skills:
 + Level 11.0 Fighting
 + Level 8.6 Dodging
 + Level 8.6 Shields
 + Level 14.7 Unarmed Combat


You had 12 spell levels left.
You didn't know any spells.
Your spell library contained the following spells:

 Spells                   Type           Power        Failure   Level  Hunger
 Animate Skeleton         Necr           N/A          56%         1    ##.....
 Magic Dart               Conj           #...         56%         1    ##.....
 Pain                     Necr           #...         56%         1    ##.....
 Blink                    Tloc           N/A          71%         2    ###....
 Call Imp                 Summ           #.......     71%         2    ###....
 Corpse Rot               Necr           N/A          71%         2    ###....
 Slow                     Hex            #.......     71%         2    ###....
 Sublimation of Blood     Necr           #.........   71%         2    ###....
 Conjure Flame            Conj/Fire      #.......     91%         3    ####...
 Mephitic Cloud           Conj/Pois/Air  #.......     91%         3    ####...
 Regeneration             Chrm/Necr      #.........   91%         3    ####...
 Borgnjor's Vile Clutch   Necr/Erth      #.........   100%        5    ######.
 Excruciating Wounds      Chrm/Necr      #.........   100%        5    ######.


Dungeon Overview and Level Annotations

Branches:
Dungeon (10/15)            Temple (1/1) D:6            Lair (6/6) D:8
  Swamp (0/4) Lair:3       Spider (0/4) Lair:3        Slime (0/5) Lair:6
    Orc (0/2) D:9

Altars:
Ashenzari
Cheibriados
Dithmenos
Elyvilon
Fedhas
Gozag
Hepliaklqana
Kikubaaqudgha
Makhleb
Nemelex Xobeh
Okawaru
Qazlal
Ru
Sif Muna
Trog
Uskayaw
Vehumet
Wu Jian
Xom
Yredelemnul
Zin
The Shining One

Shops:
D:5 *   D:9 }

Annotations:
D:5 2 runed translucent doors, MisterT's ghost, novice BaFi
D:7 3 runed translucent doors, exclusion: downstairs, MisterT's ghost, novice TrBe; brucemayne's ghost, amateur HOMo; grindst0ne's ghost, novice HuBe; ioannis32's ghost, novice MfGl
Lair:3 exclusion: oklob plant
Lair:5 exclusion: downstairs


Innate Abilities, Weirdness & Mutations

You are too large for most types of armour.
You have claws for hands.
Your metabolism is lightning-fast.
You like to eat raw meat.
Your natural rate of healing is unusually fast.
You are covered in fur. (AC +1)
You have extremely tough skin. (AC +3)


Message History

You burn the four-headed hydra.
The four-headed hydra is almost dead.
You slash the water moccasin! You burn the water moccasin.
You kill the water moccasin!
You closely miss the spiny frog.
You feel very sick. You block the spiny frog's attack.
You block the four-headed hydra's attack.
The four-headed hydra barely misses you.
The four-headed hydra bites you.
* * * LOW HITPOINT WARNING * * *
You block the four-headed hydra's attack.
The spiny frog stings you.
* * * LOW HITPOINT WARNING * * *
The four-headed hydra bites you.
* * * LOW HITPOINT WARNING * * *
You block the four-headed hydra's attack.
The four-headed hydra completely misses you.
The four-headed hydra bites you!
You die...

............PP.P##.P...,,,,,,,**,
#)....#..........P....),,,,,,****
...#.........P..P.P#.#.*,*,*,* *
.......................,,,,,,* *
.............#.##P.#....,,,*,*
#..#.....P....###.......,,,,,*
.###.##.####.....^##....,,,*** ##
###### ###...D......,,,,*
###@..#...,,,,** ##F#.....,,,,**
*##*.#.#,*,*,* *,,***,,*** ****
****


You could see a four-headed hydra and a spiny frog.

Vanquished Creatures
  Gastronok (Lair:3)
  3 hydras
  2 catoblepae
  4 death yaks
  Urug (Lair:5)
  An alligator (Lair:2)
  An unseen horror (D:10)
  5 elephants
  A torpor snail (Lair:6)
  5 black mambas
  16 spiny frogs
  2 rime drakes
  2 jumping spiders (Lair:3)
  7 komodo dragons
  A merfolk (D:9)
  2 trolls
  3 hippogriffs
  8 blink frogs
  7 dream sheep
  A wraith (D:9)
  23 yaks
  3 hungry ghosts
  2 basilisks
  4 insubstantial wisps (Lair:3)
  2 two-headed ogre zombies (D:9)
  28 water moccasins
  An orc warrior (D:8)
  15 porcupines
  A swamp drake (D:10)
  An ice beast (D:6)
  4 phantoms
  A sky beast (D:7)
  2 black bears (Lair:3)
  5 ogres
  3 centaurs
  A wolf (Lair:6)
  15 crocodiles
  15 bullfrogs
  A big kobold (D:6)
  A troll zombie (D:9)
  A scorpion (D:8)
  10 killer bees
  A howler monkey (D:4)
  8 wights
  An electric eel (Lair:3)
  4 crimson imps
  4 orc priests
  8 hounds
  6 jellies
  2 centaur skeletons
  2 bullfrog skeletons
  6 orc wizards
  4 worker ants
  Natasha (thrice) (D:2)
  3 iguanas
  5 ogre zombies (D:9)
  A hound skeleton (D:4)
  26 adders
  4 gnolls (D:2)
  2 shadow imps
  5 oozes
  4 adder skeletons
  3 worms
  A dart slug (D:1)
  9 leopard geckos
  31 orcs
  5 bats
  9 giant cockroaches
  7 goblins
  8 hobgoblins
  7 jackals
  7 quokkas
  3 ball pythons
  6 frilled lizards
  3 goblin skeletons (D:9)
  4 goblin zombies (D:9)
  A hobgoblin skeleton (D:9)
  2 hobgoblin zombies (D:9)
  10 kobolds
  A leopard gecko zombie (D:8)
  4 orc skeletons (D:9)
  11 orc zombies (D:9)
  A quokka zombie (D:6)
  11 rats
  A bush (D:6)
  A fungus (Lair:3)
  4 plants (D:6)
461 creatures vanquished.

Vanquished Creatures (others)
  2 wolves (Lair:6)
  2 bushes (D:8)
  9 fungi
  27 plants
40 creatures vanquished.

Grand Total: 501 creatures vanquished

Notes
Turn   | Place    | Note
-------+----------+-------------------------------------------
     0 | D:1      | toffzen the Troll Fighter began the quest for the Orb.
     0 | D:1      | Reached XP level 1. HP: 22/22 MP: 0/0
    45 | D:1      | Found a snail-covered altar of Cheibriados.
   232 | D:1      | Reached XP level 2. HP: 29/29 MP: 1/1
   623 | D:1      | Reached skill level 3 in Unarmed Combat
  1088 | D:2      | Reached XP level 3. HP: 31/36 MP: 2/2
  1111 | D:2      | Found a faded altar of an unknown god.
  1223 | D:2      | Found an opulent altar of Gozag.
  1307 | D:2      | Reached XP level 4. HP: 29/45 MP: 3/3
  1312 | D:2      | Reached skill level 4 in Unarmed Combat
  1353 | D:2      | Found a hide-covered altar of Uskayaw.
  1508 | D:2      | Noticed Natasha
  1518 | D:2      | Killed Natasha
  1518 | D:2      | Reached XP level 5. HP: 53/53 MP: 4/4
  1668 | D:2      | Noticed Natasha
  1675 | D:2      | Killed Natasha
  1723 | D:2      | Noticed Natasha
  1732 | D:2      | Killed Natasha
  1841 | D:3      | Reached skill level 5 in Unarmed Combat
  2138 | D:3      | Reached XP level 6. HP: 59/62 MP: 5/5
  2490 | D:4      | Found a burning altar of Makhleb.
  3018 | D:5      | Entered Level 5 of the Dungeon
  3050 | D:5      | Reached skill level 6 in Unarmed Combat
  3148 | D:5      | Reached XP level 7. HP: 41/70 MP: 6/6
  3549 | D:5      | Found a burning altar of Makhleb.
  3550 | D:5      | Found a radiant altar of Vehumet.
  3648 | D:5      | Found Wamid's Assorted Antiques.
  3676 | D:5      | Reached skill level 7 in Unarmed Combat
  3744 | D:5      | Found a large runed translucent door.
  3744 | D:5      | Found a large runed translucent door.
  3745 | D:5      | Noticed MisterT's ghost (novice BaFi)
  4217 | D:6      | Found a sparkling altar of Nemelex Xobeh.
  4277 | D:6      | Found a staircase to the Ecumenical Temple.
  4286 | Temple   | Entered the Ecumenical Temple
  4743 | D:6      | Reached skill level 5 in Fighting
  4837 | D:6      | Reached skill level 8 in Unarmed Combat
  4837 | D:6      | Reached XP level 8. HP: 80/80 MP: 7/7
  5493 | D:7      | Found a runed translucent gate.
  5493 | D:7      | Found a runed translucent gate.
  5493 | D:7      | Found a runed translucent gate.
  5495 | D:7      | Noticed ioannis32's ghost (novice MfGl)
  5495 | D:7      | Noticed MisterT's ghost (novice TrBe)
  5497 | D:7      | Noticed grindst0ne's ghost (novice HuBe)
  5497 | D:7      | Noticed brucemayne's ghost (amateur HOMo)
  5552 | D:7      | Reached skill level 9 in Unarmed Combat
  5752 | D:7      | Found a glowing golden altar of the Shining One.
  6128 | D:7      | Reached XP level 9. HP: 77/89 MP: 8/8
  6257 | D:7      | Reached skill level 10 in Unarmed Combat
  6575 | D:8      | Found an ornate altar of the Wu Jian Council.
  6582 | D:8      | Found a basalt altar of Yredelemnul.
  6585 | D:8      | Found a white marble altar of Elyvilon.
  6589 | D:8      | Became a worshipper of Elyvilon the Healer
  6611 | D:8      | Reached skill level 11 in Unarmed Combat
  6793 | D:8      | Reached XP level 10. HP: 61/102 MP: 9/9
  7232 | D:8      | Found a staircase to the Lair.
  7425 | D:9      | Reached skill level 12 in Unarmed Combat
  7493 | D:9      | Reached * piety under Elyvilon
  7666 | D:9      | Found a shattered altar of Ashenzari.
  7680 | D:9      | Found Colisk's Gadget Shoppe.
  7981 | D:9      | Found a staircase to the Orcish Mines.
  8160 | D:10     | Entered Level 10 of the Dungeon
  8454 | D:10     | Reached ** piety under Elyvilon
  8696 | D:10     | Reached XP level 11. HP: 113/113 MP: 10/10
  9118 | D:10     | Killed an unseen horror
  9598 | Lair:1   | Entered Level 1 of the Lair of Beasts
  9650 | Lair:1   | Reached *** piety under Elyvilon
  9678 | Lair:1   | Reached skill level 5 in Dodging
  9710 | Lair:1   | Reached skill level 5 in Shields
 10109 | Lair:1   | Reached skill level 13 in Unarmed Combat
 10179 | Lair:1   | Reached **** piety under Elyvilon
 10421 | Lair:1   | Noticed a five-headed hydra
 10813 | Lair:2   | Got a crude halberd
 10814 | Lair:2   | Identified the cursed +0 halberd "Hezoavuo" {flame, Dex+2}
                  | (You found it on level 2 of the Lair of Beasts)
 10955 | Lair:2   | Reached XP level 12. HP: 89/124 MP: 11/11
 11615 | Lair:3   | Noticed Gastronok
 11790 | Lair:3   | Found a hole to the Spider Nest.
 11857 | Lair:3   | Noticed a seven-headed hydra
 11873 | Lair:3   | Noticed an alligator
 11873 | Lair:3   | a seven-headed hydra changed into an alligator
 11883 | Lair:2   | Killed an alligator
 12186 | Lair:3   | Killed Gastronok
 12186 | Lair:3   | Reached skill level 10 in Fighting
 12550 | Lair:3   | Noticed an eight-headed hydra
 12629 | Lair:3   | Reached skill level 14 in Unarmed Combat
 12788 | Lair:4   | Reached ***** piety under Elyvilon
 12798 | Lair:4   | Noticed a death yak
 12800 | Lair:3   | Noticed a six-headed hydra
 12842 | Lair:3   | Noticed a catoblepas
 12859 | Lair:3   | Killed a catoblepas
 13096 | Lair:4   | Noticed a death yak
 13099 | Lair:4   | Reached XP level 13. HP: 135/135 MP: 12/12
 13264 | Lair:3   | Found a staircase to the Swamp.
 14003 | Lair:5   | Noticed Urug
 14020 | Lair:5   | Killed Urug
 14478 | Lair:6   | Entered Level 6 of the Lair of Beasts
 14871 | Lair:3   | Identified the Tome of Dark Secrets
 16083 | Lair:6   | Found a staircase to the Slime Pits.
 16180 | Lair:6   | Mangled by a four-headed hydra

Levels and vault maps discovered:
D:1:      dpeg_arrival_simpleton_a, layout_basic, kennysheep_flooded_box,
          minmay_tetromino_t2
D:2:      layout_loops_ring, nicolae_overflow_crystal_walls,
          eat_drink_and_be_merry_uskayaw, chequers_ecumenical_altar_grove,
          uniq_natasha
D:3:      layout_rooms
D:4:      layout_loops_ring, first_ration, bloody_makhleb
D:5:      layout_loops_corners, grunt_temple_overflow_lords_of_destruction,
          nicolae_overflow_hidden_temple, serial_shops, shop,
          ebering_ghost_disaster_area, chequers_jeans, kennysheep_potato
D:6:      layout_basic, nemelex_xobeh_ov_fountains_minmay,
          minmay_temple_entry_antechambers, lexackson_kobold_supper
D:7:      layout_basic, lemuel_doored_altar, gammafunk_ghost_cemetery
D:8:      layout_rooms, grunt_temple_overflow_diamond, minmay_lair_entry_grove
D:9:      layout_irregular_city, zombieorc2_lemuel, basic_altar, serial_shops,
          nicolae_shop_statue_plus, hangedman_abyss_or_decor_jellyfish_corner,
          hangedman_fish_farm
D:10:     lemuel_reptile_caves, layout_irregular_city, serial_glass,
          glass_columns_c, glass_columns_b, glass_columns_c, glass_columns_a,
          glass_columns_b, glass_columns_c, glass_columns_c, glass_columns_c,
          glass_columns_a, glass_columns_b, glass_columns_a, glass_columns_a,
          glass_columns_c, glass_columns_a
Temple:   nicolae_temple_hex_pool
Lair:1:   cheibrodos_lair_river_kwai, layout_misc_corridors,
          nicolae_quartered_pool_little, minivault_19
Lair:2:   layout_cave_pods
Lair:3:   layout_hall_layers, minmay_swamp_entry_wisps, spider_nest_entry_a,
          beast_lair_carwin_9, grunt_megastairs_1, lemuel_fruit_fields,
          minmay_lair_oklob_chamber, serial_bayou_shore_a, uniq_gastronok
Lair:4:   layout_hall_layers, grunt_megastairs_3, infiniplex_staircase_pool
Lair:5:   layout_regular_city, uniq_urug
Lair:6:   grunt_lair_end_beastmaster, layout_misc_corridors,
          nicolae_slime_entry_slimehenge, serial_rivers,
          chequers_serial_rivers_room_b, chequers_serial_rivers_room_b,
          chequers_serial_rivers_small_a, chequers_serial_rivers_micro_c,
          chequers_serial_rivers_micro_d, chequers_serial_rivers_small_3,
          chequers_serial_rivers_small_a, st_stairs_4, hibernation_bobbens,
          infiniplex_staircase_pool_2

Skill      XL: |  1  2  3  4  5  6  7  8  9 10 11 12 13 |
---------------+----------------------------------------+-----
Unarmed Combat | 3 4 5 6 8 9 11 12 13 14 | 14.7
Fighting       | 3 4 5 6 7 8 9 10 11 | 11.0
Dodging        | 4 6 7 8 |  8.6
Shields        | 4 6 7 8 |  8.6

Action                   |  1- 3 |  4- 6 |  7- 9 | 10-12 | 13-15 || total
-------------------------+-------+-------+-------+-------+-------++-------
Melee: Unarmed           |    98 |   189 |   377 |   761 |   219 ||  1644
       Spear             |       |       |       |     2 |       ||     2
       Broad axe         |       |       |       |       |    20 ||    20
       Flail             |       |       |       |       |     9 ||     9
Throw: Stone             |       |       |    16 |    19 |     7 ||    42
Invok: Lesser Healing    |       |       |       |     6 |       ||     6
Evoke: Wand              |       |       |       |    13 |       ||    13
  Use: Potion            |     1 |       |       |     4 |     2 ||     7
       Scroll            |       |     9 |     8 |    17 |     3 ||    37
 Stab: Sleeping          |     2 |     1 |     2 |       |       ||     5
  Eat: Chunk             |    17 |    17 |    39 |    65 |    29 ||   167
       Ration            |       |       |       |     1 |       ||     1
Armor: Robe              |    26 |    48 |    76 |     7 |       ||   157
       Troll leather arm |       |       |       |   148 |    36 ||   184
Dodge: Dodged            |    27 |    50 |    95 |   209 |   119 ||   500
Block: Shield            |    36 |    65 |   113 |   327 |   144 ||   685
